 Dungeon Crawl Stone Soup version 0.29.1-1-gd02db6906a (webtiles) character file.

Game seed: 10496344913228383269

233 Ashen the Chiller (level 5, 33/39 HPs)
             Began as a Demonspawn Ice Elementalist on Sept 17, 2022.
             Got out of the dungeon alive.
             The game lasted 00:05:28 (2794 turns).

Ashen the Chiller (Demonspawn Ice Elementalist)     Turns: 2794, Time: 00:05:28

Health: 33/39      AC:  6    Str:  8    XL:     5   Next: 74%
Magic:  9/9        EV: 12    Int: 25    God:
Gold:   141        SH:  0    Dex: 13    Spells: 3/10 levels left

rFire   . . .      SeeInvis .   n - +2 short sword (flame)
rCold   . . .      Faith    .   (no shield)
rNeg    . . .      Spirit   .   e - +0 leather armour
rPois   .          Reflect  .   (no helmet)
rElec   .          Harm     .   (no cloak)
rCorr   .          Rampage  .   m - +0 pair of gloves
Will    .....                   (no boots)
Stlth   ++........              (no amulet)
HPRegen 0.13/turn               a - +6 ring of intelligence
MPRegen 0.22/turn               r - ring of wizardry

@: no status effects
A: molten scales 1, magic regeneration
a: no special abilities


You escaped.
You visited 1 branch of the dungeon, and saw 3 of its levels.

You collected 141 gold pieces.

Inventory:

Hand Weapons
 n - a +2 short sword of flaming (weapon)
Missiles
 g - 2 javelins
Armour
 e - a +0 leather armour (worn)
 m - a +0 pair of gloves (worn)
Magical Staves
 o - a staff of cold
Jewellery
 a - a +6 ring of intelligence (left hand)
 r - a ring of wizardry (right hand)
Scrolls
 d - a scroll of butterflies {unknown}
 h - a scroll of teleportation {unknown}
 i - 2 scrolls of identify {unknown}
 j - a scroll of blinking {unknown}
 l - a scroll of immolation {unknown}
 p - a scroll of magic mapping {unknown}
Potions
 b - a potion of magic
 c - a potion of degeneration {unknown}
 f - a potion of might {unknown}
 k - a potion of mutation {unknown}
 q - 3 potions of flight {unknown}
 s - a potion of curing {unknown}


   Skills:
 + Level 2.3 Fighting
 + Level 2.9 Dodging
 + Level 3.0 Stealth
 + Level 3.0 Spellcasting
 + Level 4.3 Ice Magic


You had 3 spell levels left.
You knew the following spells:

 Your Spells              Type           Power      Damage    Failure   Level
a - Freeze                Ice            100%       1d11      1%          1
b - Frozen Ramparts       Ice            50%        1d8       3%          3
c - Ozocubu's Armour      Ice            25%        N/A       3%          3

Your spell library contained the following spells:

 Spells                   Type           Power      Damage    Failure   Level
 Poisonous Vapours        Pois/Air       6%         N/A       9%          2
 Hailstorm                Conj/Ice       14%        3d5       24%         4
 Corpse Rot               Necr/Pois/Air  3%         N/A       47%         4
 Metabolic Englaciation   Hex/Ice        7%         N/A       52%         5
 Simulacrum               Ice/Necr       7%         N/A       97%         6


Dungeon Overview and Level Annotations

Branches:
Dungeon (3/15)

Altars:


Innate Abilities, Weirdness & Mutations

You are partially covered in molten scales. (AC +2)
You regenerate magic rapidly.


Message History

Confirm with . or Enter, or press ? or * to list all spells.
Aiming: Freeze (safe; 1% risk of failure)
Press: ? - help, Shift-Dir - straight line, f/p - jelly
Aim: a jelly (moderately wounded)
You freeze the jelly!
The jelly is severely wounded.
You feel sick. The jelly hits you but does no damage.
Casting: Freeze (safe; 1% risk of failure)
Confirm with . or Enter, or press ? or * to list all spells.
Aiming: Freeze (safe; 1% risk of failure)
Press: ? - help, Shift-Dir - straight line, f/p - jelly
Aim: a jelly (severely wounded)
You freeze the jelly.
You kill the jelly!
You feel sick.
Your Stealth skill increases to level 3!
Your Spellcasting skill increases to level 3!
You feel sick.
You feel sick.
You feel sick.
You feel sick.
You are no longer poisoned.
There is a stone staircase leading up here.
You climb upwards.
There is a stone staircase leading down here.
You see here a +0 ring mail.
There is an escape hatch in the ceiling here.
A mysterious force pulls you upwards. The hatch slams shut behind you.
You see here a bat skeleton.
There is a stone staircase leading down here.
Things that are here:
a +0 short sword; a kobold skeleton
Things that are here:
a frilled lizard skeleton; a jackal skeleton; a jackal skeleton Magic restored.
You enter the shallow water.
Moving in this stuff is going to be slow.
There is a staircase leading out of the dungeon here.
Are you sure you want to leave the Dungeon?
This will make you lose the game!
You have escaped!

## #........##
#≈≈##.......#
#≈≈≈≈~~≈~..##
#≈≈≈≈~~~~~≈###
#####..~≈~~≈≈#
#....#≈≈≈#
##...###≈#
#..## ## #@##
###


There were no monsters in sight!

Vanquished Creatures
  A scorpion (D:3)
  A jelly (D:3)
  An iguana (D:2)
  6 adders
  2 dart slugs
  5 bats
  7 endoplasms
  A giant cockroach (D:1)
  6 hobgoblins
  3 jackals (D:1)
  2 quokkas
  6 ball pythons
  3 frilled lizards (D:1)
  4 goblins
  6 kobolds
  4 rats
  A spectral kobold (D:1)
59 creatures vanquished.

Notes
Turn   | Place    | Note
-------+----------+-------------------------------------------
     0 | D:1      | Ashen the Demonspawn Ice Elementalist began the quest for
                  | the Orb.
     0 | D:1      | Reached XP level 1. HP: 13/13 MP: 3/3
   338 | D:1      | Gained mutation: You are partially covered in molten
                  | scales. (AC +2) [demonic ancestry]
   338 | D:1      | Reached XP level 2. HP: 14/20 MP: 0/5
  1386 | D:1      | Reached skill level 1 in Fighting
  1388 | D:1      | Found a faded altar of an unknown god.
  1591 | D:1      | Reached XP level 3. HP: 25/25 MP: 4/6
  1886 | D:2      | Reached XP level 4. HP: 19/32 MP: 4/7
  1900 | D:2      | Learned a level 3 spell: Frozen Ramparts
  1904 | D:2      | Learned a level 3 spell: Ozocubu's Armour
  1983 | D:2      | Reached skill level 4 in Ice Magic
  2647 | D:3      | Gained mutation: You regenerate magic rapidly. [demonic
                  | ancestry]
  2647 | D:3      | Reached XP level 5. HP: 38/38 MP: 7/9
  2794 | D:$      | Got out of the dungeon alive.

Illustrated notes

Levels and vault maps discovered:
D:1:      eino_arrival_cavern_b, layout_loops_cross,
          dreamdust_ecumenical_altar_drowned_temple, minmay_tripent
D:2:      layout_rooms, serial_curves, eino_curves_03, eino_curves_04,
          eino_curves_04, eino_curves_04
D:3:      layout_loops_cross, nicolae_overflow_hidden_temple

Skill      XL: |  1  2  3  4  5 |
---------------+----------------+-----
Stealth        | 2 3 |  3.0
Dodging        | 2 |  2.9
Fighting       | 1 2 |  2.3
Ice Magic      | 4 |  4.3
Spellcasting   | 3 |  3.0

Action                   |  1- 3 |  4- 6 || total
-------------------------+-------+-------++-------
Melee: Short sword       |    89 |    34 ||   123
       Unarmed           |     1 |       ||     1
       Punch             |     2 |       ||     2
 Cast: Freeze            |    32 |    31 ||    63
 Stab: Sleeping          |     3 |     2 ||     5
       Distracted        |       |     1 ||     1
Armor: Leather armour    |    41 |    21 ||    62
       Robe              |     1 |       ||     1
Dodge: Dodged            |    77 |    39 ||   116
